AoeStats
← nikikiker

Black Forest

509145753Analyzed
4v4 RM · 6d ago on Sep 25, 2026· 67m 51s· 8 players
Game mode
Random Map
Map size
Large (8 player)
Population
200
Speed
Normal
Resources
Standard
Victory
Conquest
Starting age
Dark Age
Ending age
Imperial Age
RankedLock teamsTeams togetherTeam positionsShared explorationLock speedFull tech treeHidden civsTurbo modeCheats
Victory
Defeat
🇧🇩 Turks · Bangladesh
1364
+12
🇹🇼 Saxons · Taiwan
1303
+15
🇹🇼 Danes · Taiwan
1235
+17
🇨🇳 Jurchens · China
1217
+18
🇺🇸 Saracens · United States
1386
-20
🇹🇷 Goths · Türkiye
1267
-15
🇺🇦 Britons · Ukraine
1226
-14
🇨🇦 Bengalis · Canada
1211
-13
ALmotema
6:47 Loom
10:17 Feudal Age
14:10 Castle Age
12:09 Double-Bit Axe
15:19 Horse Collar
16:40 Bow Saw
19:16 Wheelbarrow
22:28 Heavy Plow
23:17 Gold Mining
24:17 Stone Mining
25:08 Hand Cart
29:04 Imperial Age
27:20 Scale Mail Armor
27:31 Forging
27:42 Caravan
27:52 Treadmill Crane
29:19 Chain Mail Armor
29:40 Iron Casting
29:49 Gold Shaft Mining
29:09 Elite Varangian Guard
29:49 Squires
29:35 Arson
29:35 Gambesons
30:54 Two-Man Saw
30:27 Crop Rotation
30:59 Plate Mail Armor
32:13 Siege Engineers
32:51 Conscription
33:05 Block Printing
33:10 Sanctity
33:51 Guilds
33:13 Shield Wall
34:06 Onager
35:08 Masonry
35:06 Fletching
35:16 Padded Archer Armor
34:39 Elite Hearth Troop
34:42 Clerical Recruitment
35:52 Illumination
36:03 Theocracy
35:39 Redemption
35:31 Atonement
35:42 Capped Ram
45:18 Fortified Wall
45:38 Architecture
45:29 Ballistics
46:10 Chemistry
45:07 Bodkin Arrow
45:27 Leather Archer Armor
45:18 Scale Barding Armor
51:03 Pikeman
55:21 Halberdier
57:22 Bracer
57:52 Ring Archer Armor
59:54 Murder Holes
59:52 Guard Tower
59:47 Arrowslits
61:49 Hoardings
61:50 Siege Ram
61:58 Siege Ram
DeeperDeeper
10:30 Feudal Age
11:48 Feudal Age
16:20 Castle Age
14:23 Double-Bit Axe
14:19 Horse Collar
17:51 Bow Saw
18:29 Heavy Plow
21:18 Wheelbarrow
24:50 Hand Cart
24:50 Fervor
26:22 Town Watch
26:22 Loom
29:51 Imperial Age
27:28 Town Watch
27:29 Loom
28:02 Forging
27:52 Scale Mail Armor
28:34 Gold Mining
28:34 Stone Mining
30:02 Iron Casting
29:42 Chain Mail Armor
29:31 Gambesons
29:46 Squires
29:31 Arson
30:34 Stone Shaft Mining
30:34 Gold Shaft Mining
30:53 Siege Engineers
31:49 Blast Furnace
31:19 Plate Mail Armor
30:30 Elite Varangian Guard
32:07 Conscription
31:46 Onager
35:03 Chemistry
34:14 Masonry
33:49 Arrowslits
34:01 Murder Holes
34:27 Ballistics
34:01 Elite Jomsviking
34:56 Hamask
35:46 Fletching
35:56 Padded Archer Armor
35:40 Pikeman
36:11 Siege Onager
40:18 Town Patrol
42:18 Caravan
43:16 Man-at-Arms
45:02 Man-at-Arms
45:35 Heavy Scorpion
48:55 Northmen's Fury
52:13 Halberdier
Gunslinger
1:16 Loom
12:29 Feudal Age
12:59 Double-Bit Axe
17:11 Castle Age
16:31 Stone Mining
18:17 Bow Saw
29:31 Horse Collar
31:14 Wheelbarrow
33:47 Heavy Plow
36:19 Hand Cart
40:54 Imperial Age
41:29 Fletching
41:40 Padded Archer Armor
42:38 Ballistics
42:39 Bombard Tower
42:38 Fortified Wall
43:45 Bodkin Arrow
44:05 Leather Archer Armor
45:32 Two-Man Saw
44:44 Gold Mining
47:50 Thumb Ring
47:49 Bracer
48:48 Gold Shaft Mining
49:05 Ring Archer Armor
61:23 Artillery
Hakka
8:41 Loom
13:59 Feudal Age
15:27 Wheelbarrow
14:39 Double-Bit Axe
14:38 Horse Collar
15:14 Gold Mining
18:54 Castle Age
17:03 Stone Mining
20:11 Hand Cart
20:08 Bow Saw
20:05 Heavy Plow
22:29 Caravan
32:02 Imperial Age
30:23 Fortified Wall
31:12 Siege Engineers
31:53 Gold Shaft Mining
31:13 Town Watch
32:27 Padded Archer Armor
33:09 Conscription
33:53 Chemistry
33:15 Ballistics
34:05 Leather Archer Armor
34:04 Thunderclap Bombs
37:08 Ring Archer Armor
38:12 Two-Man Saw
37:21 Fletching
37:37 Fortified Bastions
38:02 Masonry
37:34 Treadmill Crane
39:11 Hoardings
38:34 Bodkin Arrow
39:33 Town Patrol
42:53 Squires
42:39 Gambesons
42:40 Arson
43:09 Guilds
43:20 Bracer
44:23 Architecture
43:49 Murder Holes
45:28 Bloodlines
44:40 Light Cavalry
49:09 Husbandry
53:28 Capped Ram
60:27 Elite Iron Pagoda
60:47 Siege Ram
64:26 Forging
64:23 Scale Barding Armor
67:02 Iron Casting
68:31 Chain Barding Armor
69:13 Blast Furnace
Hamstring Cramp
0:30 Loom
13:13 Feudal Age
14:20 Double-Bit Axe
14:39 Horse Collar
17:08 Castle Age
16:15 Wheelbarrow
25:31 Hand Cart
25:59 Bow Saw
27:17 Town Watch
27:34 Gold Mining
31:58 Imperial Age
29:36 Scale Barding Armor
29:42 Forging
29:57 Husbandry
30:08 Bloodlines
30:16 Masonry
30:24 Caravan
30:53 Chain Barding Armor
31:07 Fortified Wall
31:45 Iron Casting
30:52 Light Cavalry
32:40 Ballistics
32:08 Elite Mameluke
33:09 Conscription
34:02 Chemistry
33:10 Stone Mining
34:05 Plate Barding Armor
35:06 Blast Furnace
37:04 Siege Engineers
38:03 Hussar
40:33 Arrowslits
40:38 Guard Tower
42:34 Keep
41:56 Murder Holes
42:39 Hoardings
42:50 Fletching
45:14 Bodkin Arrow
48:28 Counterweights
52:05 Bracer
Mandingo
11:12 Feudal Age
12:33 Double-Bit Axe
14:53 Castle Age
13:02 Horse Collar
13:57 Gold Mining
16:07 Bow Saw
23:32 Caravan
24:31 Loom
25:22 Wheelbarrow
25:05 Stone Mining
25:51 Gold Shaft Mining
25:09 Fletching
25:27 Scale Barding Armor
26:11 Bodkin Arrow
27:10 Chain Barding Armor
26:52 Padded Archer Armor
27:42 Husbandry
27:58 Bloodlines
31:55 Imperial Age
30:44 Leather Archer Armor
31:55 Ballistics
33:06 Conscription
32:08 Elite Elephant Archer
32:50 Bracer
33:26 Plate Barding Armor
33:22 Ring Archer Armor
34:03 Chemistry
34:50 Two-Man Saw
34:53 Hand Cart
35:06 Paiks
42:52 Town Watch
44:44 Light Cavalry
46:14 Coinage
45:55 Guilds
46:03 Forging
48:52 Banking
50:21 Iron Casting
49:51 Heavy Plow
50:58 Siege Engineers
51:06 Masonry
HasNicktir
5:54 Loom
10:41 Feudal Age
14:16 Castle Age
13:13 Double-Bit Axe
13:58 Horse Collar
23:21 Wheelbarrow
24:14 Gold Mining
24:14 Stone Mining
24:40 Bow Saw
25:03 Heavy Plow
28:58 Hand Cart
28:50 Stone Mining
29:22 Forging
29:13 Scale Mail Armor
29:44 Squires
33:51 Imperial Age
32:20 Anarchy
32:39 Chain Mail Armor
33:16 Iron Casting
34:03 Elite Huskarl
35:00 Perfusion
43:03 Stone Shaft Mining
44:38 Blast Furnace
47:59 Chemistry
47:52 Onager
49:03 Ballistics
51:06 Conscription
nikikiker
1:07 Loom
14:06 Feudal Age
15:52 Double-Bit Axe
18:22 Castle Age
18:23 Fletching
18:52 Elite Skirmisher
19:35 Padded Archer Armor
20:06 Bow Saw
22:25 Bodkin Arrow
22:47 Crossbowman
Connection lost

Rejoining the realm…

Still unreachable

The connection could not be restored.

Session expired

The server has moved on; the page needs a fresh start.